 Dungeon Crawl Stone Soup version 0.31.0-11-ge490571c62 (webtiles) character file.

Game seed: 12871553835110230770

56 wildpjah the Ducker (level 4, 0/33 HPs)
             Began as a Djinni Gladiator on Jan 31, 2024.
             Frozen to death by an endoplasm (4 damage)
             ... on level 2 of the Dungeon.
             The game lasted 00:02:38 (1088 turns).

wildpjah the Ducker (Djinni Gladiator)              Turns: 1088, Time: 00:02:39

Health: 0/33       AC:  4    Str: 13    XL:     4   Next: 15%
Gold:   77         EV: 13    Int: 11    God:
                   SH:  0    Dex: 15

rFire   + + .        a - +0 long sword
rCold   x . .        (no shield)
rNeg    . . .        b - +0 leather armour
rPois   ∞            c - +0 helmet
rElec   .            (no cloak)
rCorr   .            (no gloves)
SInv    .            (boots unavailable)
Will    .....        (no amulet)
Stlth   +            (no ring)
HPRegen 0.25/turn    (no ring)
MPRegen 0.00/turn

%: infuse magic (-1 HP)
@: flying, very slightly contaminated
A: sickness immunity, fire resistance 2, cold vulnerability 1, float, innate
caster, HP casting, extra vitality 1
a: no special abilities


You were on level 2 of the Dungeon.
You visited 1 branch of the dungeon, and saw 2 of its levels.

You collected 77 gold pieces.

Inventory:

Hand Weapons
 a - a +0 long sword (weapon)
Missiles
 d - 3 throwing nets
 e - a javelin
Armour
 b - a +0 leather armour (worn)
 c - a +0 helmet (worn)
Scrolls
 f - a scroll of poison {unknown}
 g - a scroll of revelation {unknown}


   Skills:
 + Level 2.3 Fighting
 + Level 3.3 Long Blades
 + Level 1.6 Throwing
 + Level 1.0 Armour
 + Level 3.7 Dodging
 + Level 0.1 Stealth


You knew the following spells:

 Your Spells              Type           Power      Damage    Failure   Level
a - Slow                  Hex            0%         N/A       41%         1
Your spell library was empty.

Dungeon Overview and Level Annotations

Branches:
Dungeon (2/15)

Altars:


Innate Abilities, Weirdness & Mutations

You are immune to sickness and miasma.
You are immune to poison.
Your flesh is very heat resistant. (rF++)
You are vulnerable to cold. (rC-)
You float through the air rather than walking.
You learn spells naturally, not from books.
Your magical power is your life essence.
You have superior vitality. (+4 MHP)


Message History

The endoplasm is severely wounded.
The endoplasm barely misses you. The endoplasm freezes you.
You are frozen.
You feel a terrible chill!
You hit the endoplasm but do no damage.
The endoplasm is severely wounded.
The endoplasm freezes you.
You are frozen.
You feel a terrible chill! The endoplasm freezes you.
You are frozen.
You feel a terrible chill!
Your magical contamination has completely faded away.
You hit the endoplasm but do no damage.
The endoplasm is severely wounded.
The endoplasm freezes you.
You are frozen.
You feel a terrible chill! The endoplasm freezes you.
You are frozen.
The endoplasm barely misses you. The endoplasm misses you.
You slash the endoplasm!
You kill the endoplasm!
The endoplasm hits you but does no damage.
Unknown command.
You are too injured to fight recklessly!
Unknown command.
Aiming: Slow (safe; 41% risk of failure)
Press: ? - help, Q - select action, (/) - cycle Shift-Dir - straight line, f - endoplasm
Aim: an endoplasm (chance to affect: 50%)
You miscast Slow.
You are very lightly contaminated with residual magic.
Nothing appears to happen.
The endoplasm freezes you.
You are frozen.
You feel a terrible chill!
* * * LOW HITPOINT WARNING * * *
You completely miss the endoplasm. The endoplasm freezes you.
You are frozen.
You feel a terrible chill!
* * * LOW HITPOINT WARNING * * *
You barely miss the endoplasm. The endoplasm freezes you.
You are frozen.
You feel a terrible chill!
You die...

#. #.#..####.# #.
.##.#..####.# ..
.#........... #.
..#.#..####.#
###.##
##.##......##.#
....#
#..##..##..##.#
#..#
#......##.....#
#.)###.#
#..##..####
#.J@...# #......#
####.#.###.#..###
#....#.†.)....#
#..####..######
#.. .....# ...
####..# ##.# #..#
[. #..# ## #...


You could see an endoplasm.

Vanquished Creatures
  3 dart slugs (D:1)
  4 bats
  4 endoplasms
  3 giant cockroaches
  3 goblins
  A hobgoblin (D:1)
  5 jackals (D:1)
  3 ball pythons
  12 frilled lizards (D:1)
  8 kobolds
  2 rats (D:1)
  A spectral kobold (D:1)
49 creatures vanquished.

Notes
Turn   | Place    | Note
-------+----------+-------------------------------------------
     0 | D:1      | wildpjah the Djinni Gladiator began the quest for the Orb.
     0 | D:1      | Reached XP level 1. HP: 18/18 MP: 0/0
    90 | D:1      | Reached XP level 2. HP: 18/23 MP: 0/0
   191 | D:1      | Found a faded altar of an unknown god.
   335 | D:1      | Reached XP level 3. HP: 28/28 MP: 0/0
   335 | D:1      | Learned a level 1 spell: Slow
   978 | D:2      | Reached skill level 1 in Armour
   978 | D:2      | Reached XP level 4. HP: 33/33 MP: 0/0
  1088 | D:2      | Frozen to death by an endoplasm

Illustrated notes

Levels and vault maps discovered:
D:1:      dpeg_arrival_pond, layout_basic,
          dreamdust_ecumenical_altar_drowned_temple, minmay_lizard_king
D:2:      layout_loops_ring, serial_shops, shop, nrook_uturn

Skill      XL: |  1  2  3 |
---------------+----------+-----
Long Blades    | 3 |  3.3
Armour         | 1 |  1.0
Fighting       | |  2.3
Throwing       | |  1.6
Dodging        | |  3.7
Stealth        | |  0.1

Action                     |  1- 3 |  4- 6 || total
---------------------------+-------+-------++-------
  Melee: Long sword        |   135 |    18 ||   153
         Punch             |     2 |       ||     2
   Cast: Slow              |     1 |     4 ||     5
    Use: Potion            |     1 |       ||     1
 Armour: Leather armour    |   116 |     7 ||   123
  Dodge: Dodged            |   136 |    15 ||   151
